 Dungeon Crawl Stone Soup version 0.26-a0-660-gc07710193c (webtiles) character file.

Game seed: 127620965774022631

2567 pkoi the Grappler (level 9, -3/71 HPs)
             Began as a Minotaur Fighter on Oct 6, 2020.
             Was an Initiate of Qazlal.
             Slain by a white ugly thing (13 damage)
             ... on level 6 of the Dungeon.
             The game lasted 00:07:01 (6608 turns).

pkoi the Grappler (Minotaur Fighter)                Turns: 6608, Time: 00:07:01

Health: -3/71      AC: 11    Str: 24      XL:     9   Next: 31%
Magic:  10/10      EV:  7    Int:  3 (5)  God:    Qazlal [......]
Gold:   515        SH:  9    Dex:  8 (10) Spells: 8/8 levels left

rFire    . . .     SeeInvis .     - Unarmed
rCold    . . .     Faith    .   b - +0 kite shield
rNeg     . . .     Spirit   .   a - +0 scale mail
rPois    .         Reflect  .   (helmet restricted)
rElec    .         Harm     .   r - +1 cloak
rCorr    .         Rampage  .   (no gloves)
MR       .....                  (no boots)
Stlth    ..........             x - amulet of magic regeneration
HPRegen  0.21/turn              (no ring)
MPRegen  0.37/turn              (no ring)

@: about to teleport
A: retaliatory headbutt, horns 2, molten scales 1, high mp 1
a: Renounce Religion


You were on level 6 of the Dungeon.
You worshipped Qazlal.
Qazlal was noncommittal.
You visited 2 branches of the dungeon, and saw 8 of its levels.
You also visited: Ossuary.

You collected 515 gold pieces.

Inventory:

Missiles
 g - 6 javelins
 o - 13 poisoned darts (quivered)
Armour
 a - a +0 scale mail (worn)
 b - a +0 kite shield (worn)
 r - a +1 cloak (worn)
Jewellery
 x - an amulet of magic regeneration (around neck)
Scrolls
 d - a scroll of enchant armour
 f - a scroll of magic mapping
 i - 9 scrolls of identify
 l - a scroll of teleportation
 m - 4 scrolls of remove curse
 y - 2 scrolls of enchant weapon
Potions
 c - 2 potions of might
 h - 3 potions of flight
 j - 3 potions of heal wounds
 k - a potion of berserk rage
 n - a potion of curing
 p - 2 potions of lignification
 s - 2 potions of degeneration
 u - a potion of brilliance
 v - 2 potions of mutation
 w - 2 potions of cancellation


   Skills:
 + Level 3.9 Fighting
 + Level 3.9 Armour
 + Level 3.9 Shields
 + Level 13.1 Unarmed Combat
 * Level 1.4 Invocations


You had 8 spell levels left.
You didn't know any spells.
Your spell library was empty.

Dungeon Overview and Level Annotations

Branches:
Dungeon (7/15)             Temple (1/1) D:6         Ossuary (visited)

Altars:
Ashenzari
Cheibriados
Dithmenos
Elyvilon
Fedhas
Gozag
Kikubaaqudgha
Makhleb
Nemelex Xobeh
Okawaru
Qazlal
Ru
Sif Muna
Trog
Uskayaw
Vehumet
Wu Jian
Xom
Yredelemnul
Zin
The Shining One


Innate Abilities, Weirdness & Mutations

You reflexively headbutt those who attack you in melee.
You have a pair of horns on your head.
You are partially covered in molten scales. (AC +2)
You have an increased reservoir of magic. (+10% MP)


Message History

You closely miss the white ugly thing.
Your headbutt misses the white ugly thing.
The white ugly thing is heavily wounded.
You feel sick. The worker ant bites you.
You are more poisoned.
The worker ant poisons you! The white ugly thing punches you!
The white ugly thing freezes you!!
* * * LOW HITPOINT WARNING * * *
The worker ant barely misses you.
* * * LOW HITPOINT WARNING * * *
You feel sick.
* * * LOW HITPOINT WARNING * * *
You feel sick.
You feel better. You block the worker ant's attack.
There is an escape hatch in the ceiling here.
You block the white ugly thing's attack.
A mysterious force pulls you upwards. The hatch slams shut behind you.
As you read the scroll of teleportation, it crumbles to dust.
You feel strangely unstable. The white ugly thing punches you!
You die...

..####...........## #.....#
....#....#........# ###...##
.....)...##...#..## #......#####
.................#######........#
.............##..#...#......###.#
................#................
................##....#.#....#.##
...#................#.#.#.##.#...
######..........@...#...........#
######.........u.......##.#.#.#.#
..#..................#....#.#.#.)
............#........#...........
...#####..####.........#.#.>.#.##
.### #....##......##.#.#...#...
.##### ##........|.........#....#
..#..###...#..........#.##.#.##.#
......................#..........


You could see a white ugly thing.

Vanquished Creatures
  Sigmund (D:6)
  An orc warrior (D:7)
  A phantom (D:6)
  2 ogres
  A black bear (D:6)
  A necrophage (D:6)
  3 centaurs
  8 bullfrogs
  2 scorpions
  3 wights
  A bullfrog zombie (D:6)
  3 hounds
  A jelly (D:5)
  2 orc priests
  3 orc wizards
  Terence (D:2)
  An iguana (D:6)
  Natasha (D:2)
  7 worker ants
  A killer bee zombie (D:5)
  A big kobold zombie (Ossuary)
  8 mummies (Ossuary)
  A worker ant zombie (D:6)
  2 howler monkey skeletons
  4 gnolls (D:5)
  4 adders
  3 white imps
  An ufetubus (D:6)
  2 worms
  A dart slug (D:2)
  6 leopard geckos
  14 orcs
  6 giant cockroaches
  A gnoll zombie (Ossuary)
  4 goblins
  9 hobgoblins
  8 jackals
  4 quokkas
  3 ball pythons
  9 bats
  5 frilled lizards
  7 kobolds
  3 kobold zombies (Ossuary)
  A leopard gecko zombie (D:5)
  3 orc zombies (Ossuary)
  4 rats
158 creatures vanquished.

Notes
Turn   | Place    | Note
-------+----------+-------------------------------------------
     0 | D:1      | pkoi the Minotaur Fighter began the quest for the Orb.
     0 | D:1      | Reached XP level 1. HP: 19/19 MP: 0/0
   490 | D:1      | Reached skill level 3 in Unarmed Combat
   494 | D:1      | Reached XP level 2. HP: 26/26 MP: 1/1
   892 | D:2      | Reached skill level 4 in Unarmed Combat
   892 | D:2      | Reached XP level 3. HP: 30/31 MP: 2/2
   946 | D:2      | Noticed Terence
   953 | D:2      | Killed Terence
   960 | D:2      | Reached XP level 4. HP: 34/39 MP: 3/3
  1142 | D:2      | Noticed Natasha
  1147 | D:2      | Killed Natasha
  1147 | D:2      | Reached skill level 5 in Unarmed Combat
  1376 | D:2      | Found an iron altar of Okawaru.
  1547 | D:3      | Reached XP level 5. HP: 40/45 MP: 4/4
  1664 | D:3      | Found a sacrificial altar of Ru.
  1675 | D:3      | Reached skill level 6 in Unarmed Combat
  2039 | D:3      | Reached skill level 7 in Unarmed Combat
  2039 | D:3      | Reached XP level 6. HP: 50/51 MP: 5/5
  2061 | D:3      | Found a basalt altar of Yredelemnul.
  2070 | D:3      | Found a sparkling altar of Nemelex Xobeh.
  2070 | D:3      | Found a white marble altar of Elyvilon.
  2070 | D:3      | Found a snail-covered altar of Cheibriados.
  2075 | D:3      | Found an opulent altar of Gozag.
  2076 | D:3      | Found a hide-covered altar of Uskayaw.
  2077 | D:3      | Found a bloodstained altar of Trog.
  2078 | D:3      | Found a sacrificial altar of Ru.
  2547 | D:4      | Found an ornate altar of the Wu Jian Council.
  2547 | D:4      | Found a blossoming altar of Fedhas.
  2856 | D:4      | Reached skill level 8 in Unarmed Combat
  3236 | D:4      | Reached XP level 7. HP: 57/57 MP: 6/6
  3329 | D:5      | Entered Level 5 of the Dungeon
  3372 | D:5      | Found a sand-covered staircase.
  3380 | Ossuary  | Entered an ossuary
  3482 | Ossuary  | Reached skill level 9 in Unarmed Combat
  3499 | Ossuary  | Gained mutation: You have an increased reservoir of magic.
                  | (+10% MP) [potion of mutation]
  3499 | Ossuary  | Gained mutation: You are partially covered in molten
                  | scales. (AC +2) [potion of mutation]
  3928 | D:5      | Found a broken altar of Ashenzari.
  4009 | D:5      | Reached skill level 10 in Unarmed Combat
  4299 | D:5      | Reached XP level 8. HP: 64/64 MP: 7/7
  4998 | D:6      | Noticed Sigmund
  5008 | D:6      | Killed Sigmund
  5008 | D:6      | Reached skill level 11 in Unarmed Combat
  5207 | D:6      | Reached skill level 12 in Unarmed Combat
  5372 | D:6      | Reached XP level 9. HP: 22/70 MP: 8/8
  5631 | D:6      | Reached skill level 13 in Unarmed Combat
  5960 | D:6      | Found a staircase to the Ecumenical Temple.
  6118 | Temple   | Entered the Ecumenical Temple
  6244 | Temple   | Became a worshipper of Qazlal Stormbringer
  6543 | D:7      | Reached skill level 1 in Invocations
  6591 | D:7      | Noticed a white ugly thing
  6595 | D:7      | HP: 3/71 [white ugly thing (30)]
  6597 | D:7      | HP: 1/71 [poisoned by a worker ant]
  6608 | D:6      | Slain by a white ugly thing

Illustrated notes

Levels and vault maps discovered:
D:1:      dpeg_arrival_circle_labyrinth_a, layout_loops_ring, bh_walls_and_bars
D:2:      layout_loops_cross, lemuel_round_altar, uniq_natasha, uniq_terence
D:3:      layout_basic, minitemple, nicolae_ru_great_annihilating_truth
D:4:      layout_basic, grunt_temple_overflow_open
D:5:      layout_loops_ring, nicolae_ashenzari_panopticon, enter_ossuary_1,
          minivault_25
D:6:      layout_cave_pools, minmay_temple_entry_ruins,
          kennysheep_generic_room_6, uniq_sigmund
D:7:      layout_gridville, minmay_fire_ice_demons
Temple:   nicolae_temple_figure_zero

Skill      XL: |  1  2  3  4  5  6  7  8  9 |
---------------+----------------------------+-----
Unarmed Combat | 3 4 5 7 8 10 12 13 | 13.1
Invocations    | 1 |  1.4
Fighting       | |  3.9
Armour         | |  3.9
Shields        | |  3.9

Action                   |  1- 3 |  4- 6 |  7- 9 || total
-------------------------+-------+-------+-------++-------
Melee: Unarmed           |    68 |   152 |   256 ||   476
       Headbutt          |     8 |    23 |    48 ||    79
  Use: Scroll            |       |       |    14 ||    14
       Potion            |       |       |    14 ||    14
 Stab: Paralysed         |       |     1 |       ||     1
Armor: Scale mail        |    31 |    52 |    71 ||   154
Dodge: Dodged            |    17 |    36 |    61 ||   114
Block: Kite shield       |    41 |    74 |   121 ||   236

Table legend: (Time is in decaauts)
 A = Elapsed time spent in this place.
 B = Non-inter-level travel time spent in this place.
 C = Inter-level travel time spent in this place.
 D = Time resting spent in this place.
 E = Time spent auto-exploring this place.
 F = Levels seen in this place.
 G = Mean time per level.
                   A        B        C        D        E       F      G
               +--------+--------+--------+--------+--------+-----+--------+
         Total |   6559 |   6359 |    200 |   1109 |   4186 |   9 |  728.8 |
       Dungeon |   5889 |   5699 |    190 |    929 |   3865 |   7 |  841.3 |
        Temple |    135 |    126 |      9 |      0 |    107 |   1 |  135.0 |
       Ossuary |    535 |    535 |      0 |    180 |    214 |   1 |  535.0 |
               +--------+--------+--------+--------+--------+-----+--------+

Top non-repeatable levels by time:
     D:3: 1203 daAuts
     D:5: 1137 daAuts
     D:6: 1111 daAuts
     D:1: 784 daAuts
     D:2: 713 daAuts
     D:4: 623 daAuts
 Ossuary: 535 daAuts
     D:7: 316 daAuts
  Temple: 135 daAuts
